 Dungeon Sprint DCSS version 0.23.2-40-g277498a001 (webtiles) character file.

Game seed: 10348278156860072603

332138 Devam the Ninja (level 21, -15/146 HPs)
             Began as a Kobold Berserker on Aug 23, 2019.
             Was a High Priest of Trog.
             Demolished by a seraph
             ... wielding a +7 great sword of flaming
              (21 damage)
             ... in the Dungeon (Sprint IX: "|||||||||||||||||||||||||||||").
             The game lasted 01:44:32 (12072 turns).

Devam the Ninja (Kobold Berserker)                 Turns: 12072, Time: 01:44:33

Health: -15/146    AC: 31    Str: 20    XL:     21   Next: 19%
Magic:  0/8        EV: 33    Int:  9    God:    Trog [*****.]
Gold:   1088       SH: 20    Dex: 19    Spells: 20/20 levels left

rFire    + . .     SeeInvis +   A - +9 quick blade (antimagic)
rCold    + + .     Gourm    .   K - +5 shield {reflect}
rNeg     + + .     Faith    .   S - +0 ice dragon scales
rPois    .         Spirit   +   W - +0 helmet "Donkel" {rN+}
rElec    +         Reflect  +   t - +1 cloak
rCorr    .         Harm     .   V - +2 pair of gloves
MR       +++..     NoTele   +   E - +0 pair of boots
Stlth    ++........             r - amulet of Spontaneous Combustion {Spirit rF+ MP-9 Str+2 SInv}
HPRegen  1.34/turn              H - ring "Yzinniepp" {rElec rF+ rN+ Str+3 Stlth+}
MPRegen  0.11/turn              (no ring)

@: berserk cooldown, regenerating, slowed, glowing, very slow
A: small, carnivore, clumsy 2, deterioration 1, frail 1, low mp 1
0: Orb of Zot
}: 5/17 runes: decaying, serpentine, barnacled, silver, gossamer
a: Berserk, Trog's Hand, Brothers in Arms, Renounce Religion


You were in the Dungeon.
You worshipped Trog.
Trog was extremely pleased with you.
You were not hungry.

You visited 1 branch You collected 2014 gold pieces.
You spent 926 gold pieces at shops.

Inventory:

Hand Weapons
 A - a +9 antimagic quick blade (weapon)
 G - a +0 blowgun
 N - a +9 rapier of electrocution
 P - the +8 dagger "Moynnugopo" {pierce, Str+8 Stlth+}
   (Trog gifted it to you in the Dungeon)

   It inflicts extra damage upon your enemies.
   It affects your strength (+8).
   It makes you more stealthy.
Missiles
 b - 43 tomahawks of returning (quivered)
 d - 9 needles of frenzy
 f - 4 poisoned tomahawks
 j - 17 needles of confusion
 l - 3 steel tomahawks
 s - 38 needles of sleeping
 w - 4 needles of paralysis
 z - 25 tomahawks of dispersal
 B - 25 exploding tomahawks
 I - 45 curare-tipped needles
 Y - 5 poisoned needles
Armour
 t - a +1 cloak (worn)
 E - a +0 pair of boots (worn)
 K - a +5 shield of reflection (worn)
 S - +0 ice dragon scales (worn)
 V - a +2 pair of gloves (worn)
 W - the +0 helmet "Donkel" (worn) {rN+}
   (You found it in the Dungeon)

   It protects you from negative energy.
Jewellery
 k - the ring "Esezerr" {-Tele rF++ rN+ MR+ Slay+2}
   (You bought it in a shop in the Dungeon)

   [ring of protection from magic]

   It affects your accuracy and damage with ranged weapons and melee attacks
   (+2).
   It greatly protects you from fire.
   It protects you from negative energy.
   It affects your resistance to hostile enchantments.
   It prevents most forms of teleportation.
 r - the amulet of Spontaneous Combustion (around neck) {Spirit rF+ MP-9 Str+2 SInv}
   (You found it in the Dungeon)

   [amulet of guardian spirit]

   It causes incoming damage to be split between your health and magic.
   It affects your strength (+2).
   It protects you from fire.
   It affects your magic capacity (-9).
   It lets you see invisible.
 H - the ring "Yzinniepp" (left hand) {rElec rF+ rN+ Str+3 Stlth+}
   (You found it in the Dungeon)

   [ring of strength]

   It affects your strength (+3).
   It protects you from fire.
   It insulates you from electricity.
   It protects you from negative energy.
   It makes you more stealthy.
Wands
 n - a wand of iceblast (9)
Scrolls
 i - 4 scrolls of blinking
 m - 8 scrolls of remove curse
 x - 2 scrolls of fog
 D - 3 scrolls of fear
 M - a scroll of identify
Potions
 g - 5 potions of magic
 h - 3 potions of berserk rage
 q - 6 potions of haste
 u - 2 potions of brilliance
Comestibles
 c - 6 rations


   Skills:
 O Level 27 Fighting
 O Level 27 Short Blades
 O Level 27 Throwing
 O Level 27 Armour
 O Level 27 Dodging
 O Level 27 Stealth
 - Level 15.0 Shields
 + Level 24.7 Evocations


You had 20 spell levels left.
You didn't know any spells.
Your spell library was empty.

Dungeon Overview and Level Annotations

Branches:
Dungeon (1/1)

Altars:
Cheibriados
Dithmenos
Elyvilon
Fedhas
Gozag
Hepliaklqana
Kikubaaqudgha
Makhleb
Nemelex Xobeh
Okawaru
Qazlal
Ru
Sif Muna
Trog
Uskayaw
Vehumet
Wu Jian
Xom
Yredelemnul
Zin
The Shining One
Beogh
Jiyva
Lugonu

Shops:
D *(=*


Innate Abilities, Weirdness & Mutations

You are small and have problems with some larger weapons.
You are carnivorous and can eat meat at any time.
You are very clumsy. (Dex -4)
Your body sometimes deteriorates upon taking damage.
You are frail. (-10% HP)
Your magical capacity is low. (-10% MP)


Message History

The Shining One smites you!
* * * LOW HITPOINT WARNING * * *
The seraph shouts a warning to its allies!
You feel a strong urge to attack something.
You are no longer berserk.
You are exhausted.
You feel yourself slow down.
The seraph gestures.
The seraph begins to accept its allies' injuries.
The seraph shouts a warning to its allies!
The daeva calls down the wrath of the Shining One upon you.
The Shining One smites you!
* * * LOW HITPOINT WARNING * * *
Okay, then.
Okay, then.
Remove which piece of jewellery? (? for menu, Esc to quit)
You remove the ring "Esezerr" {-Tele rF++ rN+ MR+ Slay+2}.
The daeva no longer looks unusually strong.
The seraph hits you with a +7 great sword of flaming!!
You die...

')'.'.').............'.).........
▓▓▓▓▓▓▓▓▓▓▓▓▓▓▓▓▓▓▓▓▓▓▓▓▓▓▓▓▓▓▓▓▓
.................................
▓▓▓▓▓▓▓▓▓▓▓▓▓▓▓▓▓▓▓▓▓▓▓▓▓▓▓▓▓▓▓▓▓
[.)..'))).....[)))......').)).[..
▓▓▓▓▓▓▓▓▓▓▓▓▓▓▓▓▓▓▓▓▓▓▓▓▓▓▓▓▓▓▓▓▓
..[..............................
▓▓▓▓▓▓▓▓▓▓▓▓▓▓▓▓▓▓▓▓▓▓▓▓▓▓▓▓▓▓▓▓▓
.[[[[[[[AAA.AAAA@.......[.)...}.'
▓▓▓▓▓▓▓▓▓▓▓▓▓▓▓▓▓▓▓▓▓▓▓▓▓▓▓▓▓▓▓▓▓
.......))........................
▓▓▓▓▓▓▓▓▓▓▓▓▓▓▓▓▓▓▓▓▓▓▓▓▓▓▓▓▓▓▓▓▓
))))...'))))((..)(...(...)([)[:.)
▓▓▓▓▓▓▓▓▓▓▓▓▓▓▓▓▓▓▓▓▓▓▓▓▓▓▓▓▓▓▓▓▓
.................................
▓▓▓▓▓▓♣♣♣♣♣♣♣♣♣♣♣♣♣♣▓▓▓▓▓▓▓▓▓▓▓▓▓
....[.)[[)[.......)[')...........


You could see a seraph, 2 daevas, 2 angels and a cherub.

Vanquished Creatures
  3 orbs of fire (D)
  Mennas (D)
  3 ancient liches (D)
  Boris (D)
  Frederick (D)
  A Killer Klown (D)
  2 curse toes (D)
  Nikola (D)
  Jory (D)
  2 electric golems (D)
  5 tentacled monstrosities (D)
  26 Orb Guardians (D)
  A titan (D)
  A quicksilver dragon (D)
  A sphinx (D)
  3 death cobs (D)
  Frances (D)
  2 draconian monks (D)
  9 shadow dragons (D)
  2 storm dragons (D)
  Donald (D)
  6 nagarajas (D)
  5 ghost moths (D)
  2 draconian knights (D)
  3 frost giants (D)
  A cacodemon (D)
  3 draconian stormcallers (D)
  3 draconian scorchers (D)
  A vault warden (D)
  6 emperor scorpions (D)
  Louise (D)
  A draconian annihilator (D)
  2 ironheart preservers (D)
  2 stone giants (D)
  3 yellow draconians (D)
  A black draconian (D)
  2 green draconians (D)
  Azrael (D)
  3 purple draconians (D)
  2 white draconians (D)
  2 red draconians (D)
  A spark wasp (D)
  2 ettins (D)
  A merfolk javelineer (D)
  2 merfolk impalers (D)
  4 fire dragons (D)
  A great orb of eyes (D)
  A deep elf high priest (D)
  5 yaktaur captains (D)
  3 ogre magi (D)
  18 vault guards (D)
  2 hydras (D)
  3 ice dragons (D)
  A rakshasa (D)
  A merfolk avatar (D)
  2 naga warriors (D)
  A death knight (D)
  3 centaur warriors (D)
  A ghost crab (D)
  An anaconda (D)
  An alligator (D)
  A deep troll earth mage (D)
  Urug (D)
  Nergalle (D)
  Sonja (D)
  An iron troll (shapeshifter) (D)
  A soul eater (D)
  A sea snake (D)
  A deep elf knight (D)
  6 swamp dragons (D)
  A flayed ghost (D)
  A wizard (D)
  3 ironbrand convokers (D)
  3 orc knights (D)
  A necromancer (D)
  3 ugly things (D)
  2 mana vipers (D)
  A cyclops (D)
  4 orc sorcerers (D)
  2 deep elf magi (D)
  A wolf spider (D)
  10 moths of wrath (D)
  4 guardian serpents (D)
  Joseph (D)
  3 black mambas (D)
  3 naga magi (D)
  A torpor snail (D)
  A vault sentinel (D)
  6 spiny frogs (D)
  A smoke demon (D)
  An orange demon (D)
  2 yaktaurs (D)
  A freezing wraith (D)
  A demonic crawler (D)
  4 jumping spiders (D)
  A tengu conjurer (D)
  3 tyrant leeches (D)
  A polar bear (D)
  A snapping turtle (D)
  A meliai (shapeshifter) (D)
  4 blink frogs (D)
  A slime creature (D)
  3 hippogriffs (D)
  2 tarantellas (D)
  2 redbacks (D)
  A water elemental (D)
  3 yaks (D)
  2 fire elementals (D)
  Grum (D)
  A vampire mosquito (D)
  A steam dragon (D)
  An insubstantial wisp (D)
  3 acid dragons (D)
  3 porcupines (D)
  2 water moccasins (D)
  2 hell hounds (D)
  3 swamp drakes (D)
  A sky beast (D)
  An eye of draining (D)
  8 orc warriors (D)
  2 wolves (D)
  2 centaurs (D)
  2 crocodiles (D)
  2 bullfrogs (D)
  2 scorpions (D)
  2 orc priests (D)
  2 jellies (D)
  11 orc wizards (D)
  A worker ant (D)
  An adder (D)
  An ooze (D)
  11 orcs (D)
  2 goblins (D)
  A hobgoblin (D)
  A frilled lizard (D)
  A leopard gecko simulacrum (D)
  A leopard gecko zombie (D)
344 creatures vanquished.

Vanquished Creatures (collateral kills)
  An Orb Guardian (D)
  Ilsuiw (D)
  2 emperor scorpions (D)
  A stone giant (D)
  2 merfolk javelineers (D)
  3 merfolk impalers (D)
  A yaktaur captain (D)
  2 fire dragons (D)
  3 ettins (D)
  A naga warrior (D)
  A hydra (D)
  2 merfolk aquamancers (D)
  2 merfolk avatars (D)
  7 vault guards (D)
  A centaur warrior (D)
  A vampire mage (D)
  An ogre mage (D)
  A swamp dragon (D)
  2 orc knights (D)
  An ugly thing (D)
  A wolf spider (D)
  A cyclops (D)
  A moth of wrath (D)
  A black mamba (D)
  A merfolk siren (D)
  3 water nymphs (D)
  2 yaktaurs (D)
  2 trolls (D)
  A hippogriff (shapeshifter) (D)
  2 slime creatures (D)
  A water elemental (D)
  An orc warrior (D)
  A boggart (D)
  A bullfrog (D)
  A worker ant (D)
56 creatures vanquished.

Vanquished Creatures (others)
  A vault warden (D)
  A hydra (D)
  A yaktaur (D)
  A tyrant leech (D)
  A swamp drake (D)
  An orc wizard (D)
6 creatures vanquished.

Grand Total: 406 creatures vanquished

Notes
Turn   | Place    | Note
-------+----------+-------------------------------------------
     0 | D        | Devam the Kobold Berserker began the quest for the Orb.
     0 | D        | Reached XP level 1. HP: 14/14 MP: 1/1
     5 | D        | Reached skill level 1 in Stealth
     9 | D        | Reached XP level 2. HP: 20/20 MP: 2/2
    10 | D        | Reached ** piety under Trog
    84 | D        | Noticed a scorpion
    89 | D        | Reached skill level 5 in Short Blades
    92 | D        | Reached *** piety under Trog
    95 | D        | Reached XP level 3. HP: 24/24 MP: 3/3
   101 | D        | Killed a scorpion
   101 | D        | Reached skill level 5 in Fighting
   101 | D        | Reached skill level 5 in Dodging
   101 | D        | Reached skill level 5 in Stealth
   101 | D        | Reached XP level 4. HP: 31/31 MP: 4/4
   140 | D        | Found a roughly hewn altar of Beogh.
   140 | D        | Found a snail-covered altar of Cheibriados.
   140 | D        | Found a shadowy altar of Dithmenos.
   140 | D        | Found a white marble altar of Elyvilon.
   140 | D        | Found a blossoming altar of Fedhas.
   140 | D        | Found an opulent altar of Gozag.
   141 | D        | Found a hazy altar of Hepliaklqana.
   142 | D        | Found a viscous altar of Jiyva.
   143 | D        | Found an ancient bone altar of Kikubaaqudgha.
   144 | D        | Found a corrupted altar of Lugonu.
   145 | D        | Found a burning altar of Makhleb.
   146 | D        | Found a sparkling altar of Nemelex Xobeh.
   147 | D        | Found an iron altar of Okawaru.
   148 | D        | Found a stormy altar of Qazlal.
   149 | D        | Found a sacrificial altar of Ru.
   150 | D        | Found a deep blue altar of Sif Muna.
   151 | D        | Found a bloodstained altar of Trog.
   152 | D        | Found a hide-covered altar of Uskayaw.
   153 | D        | Found a radiant altar of Vehumet.
   154 | D        | Found an ornate altar of the Wu Jian Council.
   155 | D        | Found a shimmering altar of Xom.
   156 | D        | Found a basalt altar of Yredelemnul.
   157 | D        | Found a glowing silver altar of Zin.
   158 | D        | Found a glowing golden altar of the Shining One.
   216 | D        | Noticed a centaur
   216 | D        | Noticed a sky beast
   216 | D        | Noticed a centaur
   216 | D        | Noticed a crocodile
   222 | D        | Killed a centaur
   222 | D        | Reached XP level 5. HP: 37/37 MP: 5/5
   228 | D        | Killed a sky beast
   228 | D        | Reached **** piety under Trog
   228 | D        | Reached XP level 6. HP: 44/44 MP: 6/6
   232 | D        | Received a gift from Trog
   241 | D        | Reached XP level 7. HP: 40/49 MP: 7/7
   268 | D        | Noticed a troll
   268 | D        | Noticed a troll
   268 | D        | Noticed a five-headed hydra
   281 | D        | Killed a troll
   281 | D        | Reached skill level 10 in Short Blades
   281 | D        | Reached skill level 1 in Throwing
   283 | D        | Killed a five-headed hydra
   283 | D        | Reached skill level 5 in Armour
   283 | D        | Reached skill level 10 in Stealth
   283 | D        | Reached XP level 8. HP: 36/56 MP: 8/8
   287 | D        | Killed a troll
   297 | D        | Reached ***** piety under Trog
   400 | D        | Noticed Urug
   447 | D        | Killed Urug
   447 | D        | Reached skill level 10 in Fighting
   447 | D        | Reached skill level 5 in Throwing
   447 | D        | Reached skill level 10 in Dodging
   447 | D        | Reached XP level 9. HP: 62/62 MP: 9/9
   603 | D        | Noticed a hippogriff
   615 | D        | Noticed a polar bear
   626 | D        | Killed a hippogriff
   626 | D        | Received a gift from Trog
   657 | D        | Killed a polar bear
   657 | D        | Reached XP level 10. HP: 61/69 MP: 10/10
   687 | D        | Noticed a torpor snail
   687 | D        | Noticed a spiny frog
   688 | D        | Noticed a spiny frog
   689 | D        | Received a gift from Trog
   698 | D        | Noticed a black mamba
   711 | D        | Killed a torpor snail
   724 | D        | Received a gift from Trog
   733 | D        | Killed a spiny frog
   752 | D        | Killed a spiny frog
   763 | D        | Killed a black mamba
   909 | D        | Noticed a spiny frog
   923 | D        | Killed a spiny frog
  1170 | D        | Reached ****** piety under Trog
  1220 | D        | Received a gift from Trog
  1220 | D        | Reached XP level 11. HP: 76/76 MP: 3/11
  1258 | D        | Received a gift from Trog
  1354 | D        | Noticed Grum
  1370 | D        | Killed Grum
  1370 | D        | Reached skill level 15 in Stealth
  1419 | D        | Noticed Sonja
  1433 | D        | Killed Sonja
  1433 | D        | Reached skill level 10 in Throwing
  1641 | D        | Received a gift from Trog
  1669 | D        | Received a gift from Trog
  1681 | D        | Received a gift from Trog
  1761 | D        | Noticed an orc knight
  1777 | D        | Noticed an orc knight
  1781 | D        | Received a gift from Trog
  1800 | D        | Killed an orc knight
  1802 | D        | Killed an orc knight
  1817 | D        | Reached skill level 10 in Armour
  1909 | D        | Found Duwa's General Store.
  1909 | D        | Noticed an orc sorcerer
  1936 | D        | Paralysed by an orc sorcerer for 6 turns
  1948 | D        | Killed an orc sorcerer
  1965 | D        | Received a gift from Trog
  1969 | D        | Received a gift from Trog
  1974 | D        | Received a gift from Trog
  1981 | D        | Found Ryafuof's Antique Weapon Shoppe.
  1992 | D        | Found Kywn's Jewellery Emporium.
  2017 | D        | Found Fukha's Assorted Antiques.
  2019 | D        | Noticed an orc sorcerer
  2020 | D        | Noticed an orc sorcerer
  2088 | D        | Killed an orc sorcerer
  2111 | D        | Killed an orc sorcerer
  2111 | D        | Received a gift from Trog
  2111 | D        | Reached skill level 15 in Dodging
  2130 | D        | Noticed an orc sorcerer
  2148 | D        | Killed an orc sorcerer
  2148 | D        | Received a gift from Trog
  2232 | D        | Bought the ring "Esezerr" {-Tele rF++ rN+ MR+ Slay+2} for
                  | 621 gold pieces
  2234 | D        | Bought a dented steel amulet for 140 gold pieces
  2240 | D        | Bought an uncursed ring of see invisible for 165 gold
                  | pieces
  2287 | D        | Noticed Joseph
  2294 | D        | Killed Joseph
  2294 | D        | Reached skill level 15 in Fighting
  2420 | D        | Noticed a deep elf mage
  2420 | D        | Noticed a rakshasa
  2420 | D        | Noticed a brown ugly thing
  2422 | D        | Killed a deep elf mage
  2422 | D        | Reached XP level 12. HP: 88/88 MP: 12/12
  2430 | D        | Noticed an ettin
  2436 | D        | Noticed an ettin
  2441 | D        | Killed a rakshasa
  2442 | D        | Noticed a fire dragon
  2453 | D        | Received a gift from Trog
  2460 | D        | Noticed a centaur warrior
  2472 | D        | Killed an ettin
  2476 | D        | Noticed a death drake
  2476 | D        | a black mamba changed into a death drake
  2477 | D        | a death drake changed into a hippogriff
  2478 | D        | Killed an ettin
  2481 | D        | Killed a fire dragon
  2482 | D        | Received a gift from Trog
  2486 | D        | Killed a centaur warrior
  2486 | D        | Received a gift from Trog
  2686 | D        | Noticed Azrael
  2723 | D        | Killed Azrael
  2748 | D        | Noticed Frances
  2851 | D        | Killed Frances
  2851 | D        | Received a gift from Trog
  2858 | D        | Noticed Donald
  2868 | D        | Killed Donald
  2868 | D        | Reached XP level 13. HP: 101/101 MP: 5/13
  2892 | D        | Noticed a spark wasp
  2898 | D        | Received a gift from Trog
  2898 | D        | Reached skill level 1 in Shields
  2919 | D        | Killed a spark wasp
  2919 | D        | Reached skill level 5 in Shields
  2922 | D        | Received a gift from Trog
  2939 | D        | Received a gift from Trog
  3112 | D        | Noticed a merfolk impaler
  3149 | D        | Received a gift from Trog
  3197 | D        | Killed a merfolk impaler
  3209 | D        | Noticed a ghost crab
  3209 | D        | Noticed a six-headed hydra
  3218 | D        | Received a gift from Trog
  3223 | D        | Killed a six-headed hydra
  3227 | D        | Killed a ghost crab
  3227 | D        | Reached skill level 10 in Shields
  3374 | D        | Noticed an anaconda
  3384 | D        | Killed an anaconda
  3395 | D        | Received a gift from Trog
  3395 | D        | Noticed a nagaraja
  3396 | D        | Noticed a naga warrior
  3451 | D        | Killed a nagaraja
  3451 | D        | Received a gift from Trog
  3458 | D        | Killed a naga warrior
  3458 | D        | Received a gift from Trog
  3609 | D        | Noticed Nergalle
  3619 | D        | Killed Nergalle
  3694 | D        | Noticed a stone giant
  3694 | D        | Noticed an ice dragon
  3694 | D        | Noticed a centaur warrior
  3695 | D        | Noticed a frost giant
  3707 | D        | Killed a stone giant
  3708 | D        | Noticed an ettin
  3719 | D        | Killed an ice dragon
  3719 | D        | Received a gift from Trog
  3726 | D        | Killed a centaur warrior
  3726 | D        | Reached XP level 14. HP: 94/108 MP: 4/14
  3748 | D        | Killed a frost giant
  3753 | D        | Received a gift from Trog
  3781 | D        | Received a gift from Trog
  3928 | D        | Noticed an emperor scorpion
  3946 | D        | an emperor scorpion changed into an iron troll
  3969 | D        | Noticed a dire elephant
  3969 | D        | an alligator snapping turtle changed into a dire elephant
  3971 | D        | Noticed a stone giant
  3971 | D        | a dire elephant changed into a stone giant
  3975 | D        | a stone giant changed into an iron troll
  4177 | D        | Received a gift from Trog
  4225 | D        | Received a gift from Trog
  4231 | D        | Received a gift from Trog
  4269 | D        | Noticed a stone giant
  4292 | D        | Killed a stone giant
  4365 | D        | Received a gift from Trog
  4380 | D        | Received a gift from Trog
  4384 | D        | Received a gift from Trog
  4386 | D        | Received a gift from Trog
  4389 | D        | Noticed a vault warden
  4392 | D        | Killed a vault warden
  4403 | D        | Noticed an ironheart preserver
  4426 | D        | Reached skill level 15 in Shields
  4440 | D        | Killed an ironheart preserver
  4440 | D        | Received a gift from Trog
  4454 | D        | Got a pitted dagger {god gift}
  4472 | D        | Noticed an ironheart preserver
  4486 | D        | Identified the +8 dagger "Moynnugopo" {pierce, Str+8
                  | Stlth+} (Trog gifted it to you in the Dungeon)
  4505 | D        | Noticed a frost giant
  4519 | D        | Killed an ironheart preserver
  4529 | D        | Killed a frost giant
  4533 | D        | Received a gift from Trog
  4708 | D        | Got the +0 helmet "Donkel" {rN+}
  4826 | D        | Noticed Mennas
  4896 | D        | Killed Mennas
  4896 | D        | Reached XP level 15. HP: 46/118 MP: 5/15
  5027 | D        | Noticed Ilsuiw
  5050 | D        | Received a gift from Trog
  5071 | D        | Killed Ilsuiw
  5071 | D        | Received a gift from Trog
  5080 | D        | Received a gift from Trog
  5087 | D        | Received a gift from Trog
  5097 | D        | Got a warped dagger {god gift}
  5116 | D        | Got a barnacled rune of Zot
  5170 | D        | Identified the +10 dagger "Pyhouty" {venom, Int+2} (Trog
                  | gifted it to you in the Dungeon)
  5175 | D        | Noticed an emperor scorpion
  5175 | D        | Noticed an emperor scorpion
  5175 | D        | Noticed an emperor scorpion
  5175 | D        | Noticed an emperor scorpion
  5175 | D        | Noticed an emperor scorpion
  5175 | D        | Noticed an emperor scorpion
  5177 | D        | Killed an emperor scorpion
  5178 | D        | Noticed an emperor scorpion
  5179 | D        | Killed an emperor scorpion
  5196 | D        | Killed an emperor scorpion
  5224 | D        | Killed an emperor scorpion
  5239 | D        | Killed an emperor scorpion
  5387 | D        | Killed an emperor scorpion
  5397 | D        | Killed a ghost moth
  5397 | D        | Received a gift from Trog
  5472 | D        | Killed an emperor scorpion
  5474 | D        | Noticed an emperor scorpion
  5492 | D        | Killed an emperor scorpion
  5698 | D        | Killed a ghost moth
  5703 | D        | Got a gossamer rune of Zot
  5863 | D        | Received a gift from Trog
  5876 | D        | Received a gift from Trog
  5898 | D        | Reached XP level 16. HP: 102/128 MP: 5/16
  5937 | D        | Received a gift from Trog
  6087 | D        | Reached skill level 15 in Armour
  6502 | D        | Received a gift from Trog
  6511 | D        | Got a decaying rune of Zot
  6699 | D        | Noticed a nagaraja
  6699 | D        | Noticed a nagaraja
  6699 | D        | Noticed a nagaraja
  6704 | D        | Noticed a nagaraja
  6710 | D        | Received a gift from Trog
  6719 | D        | Killed a nagaraja
  6764 | D        | Killed a nagaraja
  7028 | D        | Received a gift from Trog
  7045 | D        | Noticed a nagaraja
  7048 | D        | Killed a nagaraja
  7064 | D        | Killed a nagaraja
  7064 | D        | Received a gift from Trog
  7064 | D        | Reached skill level 27 in Stealth
  7080 | D        | Killed a nagaraja
  7080 | D        | Received a gift from Trog
  7096 | D        | Received a gift from Trog
  7272 | D        | Got a serpentine rune of Zot
  7331 | D        | Noticed Jory
  7337 | D        | Noticed Louise
  7375 | D        | Killed Jory
  7432 | D        | Killed Louise
  7480 | D        | Received a gift from Trog
  7497 | D        | Reached skill level 27 in Fighting
  7497 | D        | Reached skill level 15 in Short Blades
  7511 | D        | Received a gift from Trog
  7628 | D        | Received a gift from Trog
  7659 | D        | Received a gift from Trog
  7758 | D        | Got a warped dagger {god gift}
  7855 | D        | Identified the +7 dagger "Zutuali" {venom, Int+5} (Trog
                  | gifted it to you in the Dungeon)
  7859 | D        | Noticed a shadow dragon
  7860 | D        | Found the +7 great mace "Undeadhunter" {disrupt, rN+}
  7868 | D        | Received a gift from Trog
  7875 | D        | Reached XP level 17. HP: 139/139 MP: 5/17
  7882 | D        | Noticed a shadow dragon
  7888 | D        | Noticed a shadow dragon
  7906 | D        | Killed a shadow dragon
  7912 | D        | Received a gift from Trog
  7914 | D        | Noticed a tentacled monstrosity
  7925 | D        | Received a gift from Trog
  7949 | D        | Killed a tentacled monstrosity
  7970 | D        | Killed a shadow dragon
  8088 | D        | Killed a shadow dragon
  8117 | D        | Received a gift from Trog
  8130 | D        | Received a gift from Trog
  8134 | D        | Got an ebony dagger {god gift}
  8151 | D        | Identified the +9 dagger of the Snake Pit {freeze, rF+}
                  | (Trog gifted it to you in the Dungeon)
  8160 | D        | Paralysed by a great orb of eyes for 4 turns
  8201 | D        | Reached skill level 1 in Evocations
  8221 | D        | Noticed a shadow dragon
  8221 | D        | Noticed an ancient lich
  8221 | D        | Noticed a shadow dragon
  8222 | D        | Noticed a tentacled monstrosity
  8243 | D        | Noticed a shadow dragon
  8244 | D        | Killed a shadow dragon
  8250 | D        | Noticed a titan
  8260 | D        | Killed an ancient lich
  8260 | D        | Received a gift from Trog
  8273 | D        | Killed a tentacled monstrosity
  8283 | D        | Received a gift from Trog
  8301 | D        | Killed a shadow dragon
  8317 | D        | Killed a shadow dragon
  8317 | D        | Received a gift from Trog
  8349 | D        | Killed a titan
  8349 | D        | Received a gift from Trog
  8349 | D        | Reached skill level 27 in Short Blades
  8369 | D        | Got a silver rune of Zot
  8534 | D        | Noticed Frederick
  8574 | D        | Killed Frederick
  8574 | D        | Received a gift from Trog
  8574 | D        | Reached skill level 10 in Evocations
  8667 | D        | Found the +6 shillelagh "Devastator" {shatter}
  8682 | D        | Got the ring "Uvuq" {rPois AC+3 Dex-5 SInv}
  8684 | D        | Got the amulet of Spontaneous Combustion {Spirit rF+ MP-9
                  | Str+2 SInv}
  8686 | D        | Got the ring "Yzinniepp" {rElec rF+ rN+ Str+3 Stlth+}
  8688 | D        | Got the amulet of Giesuoll {Gourm rC+}
  8690 | D        | Got the amulet "Avelen" {+Rage Int+5}
  8888 | D        | Noticed Boris
  8929 | D        | Killed Boris
  8943 | D        | Noticed Nikola
  8971 | D        | Killed Nikola
  8971 | D        | Reached XP level 18. HP: 133/145 MP: 5/25
  8991 | D        | Received a gift from Trog
  9003 | D        | Reached skill level 15 in Throwing
  9028 | D        | Received a gift from Trog
  9123 | D        | Received a gift from Trog
  9173 | D        | Received a gift from Trog
  9228 | D        | Noticed a quicksilver dragon
  9229 | D        | Noticed a tentacled monstrosity
  9232 | D        | Received a gift from Trog
  9236 | D        | Killed a quicksilver dragon
  9250 | D        | Killed a tentacled monstrosity
  9299 | D        | Noticed a death cob
  9299 | D        | Noticed a death cob
  9324 | D        | Killed a death cob
  9333 | D        | Received a gift from Trog
  9355 | D        | Killed a death cob
  9419 | D        | Noticed a tentacled monstrosity
  9426 | D        | Noticed a curse toe
  9433 | D        | Received a gift from Trog
  9460 | D        | Killed a tentacled monstrosity
  9464 | D        | Received a gift from Trog
  9494 | D        | Killed a curse toe
  9494 | D        | Reached XP level 19. HP: 150/151 MP: 9/26
  9535 | D        | Noticed an orb of fire
  9535 | D        | Noticed a tentacled monstrosity
  9567 | D        | Killed an orb of fire
  9567 | D        | Reached skill level 27 in Dodging
  9573 | D        | Killed a tentacled monstrosity
  9573 | D        | Received a gift from Trog
  9621 | D        | Received a gift from Trog
  9874 | D        | Noticed an Orb Guardian
  9874 | D        | Noticed an Orb Guardian
  9874 | D        | Noticed an Orb Guardian
  9874 | D        | Noticed an Orb Guardian
  9874 | D        | Noticed an Orb Guardian
  9874 | D        | Noticed an Orb Guardian
  9875 | D        | Noticed an Orb Guardian
  9876 | D        | Killed an Orb Guardian
  9877 | D        | Noticed an Orb Guardian
  9878 | D        | Killed an Orb Guardian
  9893 | D        | Killed an Orb Guardian
  9903 | D        | Killed an Orb Guardian
  9915 | D        | Killed an Orb Guardian
  9921 | D        | Killed an Orb Guardian
  9922 | D        | Noticed an Orb Guardian
  9934 | D        | Killed an Orb Guardian
  9945 | D        | Killed an Orb Guardian
  9945 | D        | Received a gift from Trog
  9946 | D        | Noticed an Orb Guardian
  9951 | D        | Killed an Orb Guardian
  9968 | D        | Killed an Orb Guardian
 10021 | D        | Noticed an Orb Guardian
 10021 | D        | Noticed an Orb Guardian
 10022 | D        | Noticed an Orb Guardian
 10024 | D        | Noticed an Orb Guardian
 10033 | D        | Killed an Orb Guardian
 10043 | D        | Killed an Orb Guardian
 10058 | D        | Received a gift from Trog
 10058 | D        | Received a gift from Trog
 10071 | D        | Killed an Orb Guardian
 10081 | D        | Killed an Orb Guardian
 10081 | D        | Reached XP level 20. HP: 104/157 MP: 12/27
 10180 | D        | Noticed an ancient lich
 10204 | D        | Killed an ancient lich
 10204 | D        | Reached skill level 27 in Armour
 10374 | D        | Noticed an orb of fire
 10376 | D        | Killed an orb of fire
 10376 | D        | Received a gift from Trog
 10380 | D        | Noticed an electric golem
 10382 | D        | Killed an electric golem
 10385 | D        | Noticed an ancient lich
 10387 | D        | Noticed an orb of fire
 10404 | D        | Noticed a Hell Sentinel
 10420 | D        | Noticed a curse toe
 10446 | D        | Killed an ancient lich
 10446 | D        | Received a gift from Trog
 10452 | D        | Noticed an electric golem
 10455 | D        | Gained mutation: Your body sometimes deteriorates upon
                  | taking damage. [an orb of fire]
 10486 | D        | Gained mutation: You are frail. (-10% HP) [an orb of fire]
 10497 | D        | Gained mutation: You are clumsy. (Dex -2) [an orb of fire]
 10500 | D        | Killed an orb of fire
 10850 | D        | Noticed a Killer Klown
 10887 | D        | Killed a Killer Klown
 10911 | D        | Killed a curse toe
 10911 | D        | Received a gift from Trog
 10937 | D        | Killed an electric golem
 11156 | D        | Received a gift from Trog
 11206 | D        | Reached XP level 21. HP: 24/146 MP: 0/36
 11536 | D        | Received a gift from Trog
 11544 | D        | Reached skill level 27 in Throwing
 11566 | D        | Received a gift from Trog
 11663 | D        | Got the Orb of Zot
 11981 | D        | Received a gift from Trog
 11987 | D        | Gained mutation: Your magical capacity is low. (-10% MP) [a
                  | cacodemon]
 11989 | D        | Gained mutation: You are very clumsy. (Dex -4) [a
                  | cacodemon]
 11995 | D        | Noticed a seraph
 12071 | D        | HP: 5/146 [daeva/divine providence[a seraph] (10)]
 12072 | D        | Demolished by a seraph

Skill      XL: |  1  2  3  4  5  6  7  8  9 10 11 12 13 14 15 16 17 18 19 20 21 |
---------------+----------------------------------------------------------------+-----
Stealth        | 2 3 5 7 8 9 10 11 13 14 15 17 18 22 25 27 | 27.0
Dodging        | 3 4 5 6 7 8 9 10 11 12 15 18 25 27 | 27.0
Fighting       | 4 5 6 7 8 9 10 11 12 15 19 20 22 24 27 | 27.0
Short Blades   | 5 6 7 8 9 10 11 12 14 22 27 | 27.0
Armour         | 2 3 4 5 6 7 8 10 12 14 15 16 21 26 27 | 27.0
Throwing       | 3 5 7 9 10 14 15 17 26 27 | 27.0
Shields        | 13 15 | 15.0
Evocations     | 10 22 24 | 24.7

Action                   |  1- 3 |  4- 6 |  7- 9 | 10-12 | 13-15 | 16-18 | 19-21 || total
-------------------------+-------+-------+-------+-------+-------+-------+-------++-------
Melee: Short sword       |    21 |     3 |       |       |       |       |       ||    24
       Rapier            |       |    19 |    68 |   139 |   145 |   446 |   389 ||  1206
       Quick blade       |       |       |       |   310 |   545 |   632 |   199 ||  1686
       Dagger            |       |       |       |     6 |    31 |     4 |     2 ||    43
Throw: Tomahawk          |       |       |       |     7 |    20 |    12 |       ||    39
Invok: Berserk           |     2 |     1 |     3 |     9 |    16 |    11 |     7 ||    49
       Trog's Hand       |     1 |     1 |     5 |     8 |    13 |    15 |     8 ||    51
       Brothers in Arms  |       |       |     1 |     4 |    17 |     5 |     7 ||    34
Evoke: Wand              |       |       |       |       |       |     1 |       ||     1
  Use: Scroll            |       |       |       |     1 |     6 |    12 |     1 ||    20
       Potion            |       |       |       |       |    11 |    13 |    13 ||    37
 Stab: Distracted        |       |       |       |     2 |     2 |     1 |     2 ||     7
       Sleeping          |       |       |       |     4 |     3 |     7 |    11 ||    25
  Eat: Chunk             |     6 |     2 |     5 |    22 |    30 |    26 |    17 ||   108
       Ration            |       |       |       |       |       |     5 |       ||     5
Armor: Chain mail        |       |     1 |     7 |    20 |       |       |       ||    28
       Ring mail         |       |       |     7 |    15 |       |       |       ||    22
       Swamp dragon scal |       |       |       |     3 |    17 |       |       ||    20
       Ice dragon scales |       |       |       |       |    58 |    78 |    45 ||   181
Dodge: Dodged            |     5 |    10 |    47 |   189 |   267 |   275 |   180 ||   973
Block: Shield            |       |       |       |       |   232 |   368 |   288 ||   888
       Reflection        |       |       |       |       |     7 |    15 |     1 ||    23
